 Dungeon Crawl Stone Soup version 0.26.1-2-gb8aa6d0cf2 (webtiles) character file.

Game seed: 5108483531076955859

40568 Groucho the Unseen (level 13, -10/55 HPs)
             Began as a Spriggan Enchanter on Feb 17, 2021.
             Was a High Priest of Kikubaaqudgha.
             Mangled by a death yak (18 damage)
             ... on level 5 of the Lair of Beasts.
             The game lasted 01:21:29 (40009 turns).

Groucho the Unseen (Spriggan Enchanter)            Turns: 40009, Time: 01:21:32

Health: -10/55     AC:  6    Str:  8    XL:     13   Next: 75%
Magic:  23/31      EV: 37    Int: 17    God:    Kikubaaqudgha [*****.]
Gold:   1531       SH:  0    Dex: 23    Spells: 11/38 levels left

rFire    . . .     SeeInvis +   B - +6 dagger (vamp)
rCold    . . .     Faith    .   (shield restricted)
rNeg     . . .     Spirit   .   b - +1 robe
rPois    .         Reflect  .   a - +0 mask of the Dragon {Will+ Slay+3 SInv}
rElec    .         Harm     .   Z - +2 cloak
rCorr    .         Rampage  .   (gloves unavailable)
Will     +++..                  (boots unavailable)
Stlth    ++++++....             (no amulet)
HPRegen  0.18/turn              p - +6 ring of dexterity
MPRegen  0.22/turn              q - +4 ring of evasion

@: confusing touch, very quick
A: very small, unfitting armour, see invisible, speed 3
a: Renounce Religion, Receive Corpses, Torment


You were on level 5 of the Lair of Beasts.
You worshipped Kikubaaqudgha.
Kikubaaqudgha was extremely pleased with you.
You visited 5 branches of the dungeon, and saw 19 of its levels.

You collected 1531 gold pieces.

Inventory:

Hand Weapons
 k - a +1 short sword of holy wrath
 m - the +2 dagger "Grim Tooth" {holy, rF+ Dex+7}
   (You found it on level 6 of the Lair of Beasts)

   It has been blessed by the Shining One to cause great damage to the undead
   and demons.
   It affects your dexterity (+7).
   It protects you from fire.
 B - a +6 vampiric dagger (weapon)
 K - a +5 dagger
Missiles
 e - 669 stones
 l - 5 curare-tipped darts
 A - 2 atropa-tipped darts
 T - 3 throwing nets
 U - 2 boomerangs (quivered)
Armour
 a - the +0 mask of the Dragon (worn) {Will+ Slay+3 SInv}
   (You found it on level 6 of the Lair of Beasts)

   It affects your accuracy and damage with ranged weapons and melee attacks
   (+3).
   It affects your willpower, your defense against some magical effects.
   It lets you see invisible.
 b - a +1 robe (worn)
 d - a +0 buckler
 I - a +2 hat
 Z - a +2 cloak (worn)
Jewellery
 p - a +6 ring of dexterity (left hand)
 q - a +4 ring of evasion (right hand)
 r - a cursed ring of teleportation
 P - a +6 ring of strength
 S - an uncursed ring of willpower
Wands
 v - a wand of digging (5)
 y - a wand of polymorph (16)
 C - a wand of acid (3)
 E - a wand of iceblast (13)
 N - a wand of paralysis (11)
Scrolls
 c - 7 scrolls of amnesia
 f - 3 scrolls of noise
 g - 4 scrolls of identify
 j - 13 scrolls of remove curse
 o - 10 scrolls of teleportation
 t - 2 scrolls of fog
 u - a scroll of enchant armour
 w - 5 scrolls of magic mapping
 D - 3 scrolls of blinking
 J - a scroll of fear
 L - a scroll of summoning {unknown}
 O - a scroll of silence
 V - a scroll of vulnerability {unknown}
 Y - a scroll of random uselessness {unknown}
Potions
 h - 6 potions of curing
 i - a potion of heal wounds
 n - 3 potions of brilliance
 s - 2 potions of degeneration {unknown}
 x - 2 potions of invisibility {unknown}
 z - 2 potions of resistance {unknown}
 F - 2 potions of might {unknown}
 G - 3 potions of attraction {unknown}
 H - a potion of berserk rage
 M - a potion of magic
 Q - 2 potions of flight {unknown}
 R - a potion of mutation {unknown}
 X - a potion of cancellation
Miscellaneous
 W - a phantom mirror


   Skills:
 + Level 0.0 Fighting
 - Level 8.0 Short Blades
 + Level 14.6 Dodging
 - Level 15.0 Stealth
 + Level 13.1 Spellcasting
 + Level 13.3 Hexes
 + Level 4.3 Necromancy
 - Level 10.0 Evocations


You had 11 spell levels left.
You knew the following spells:

 Your Spells              Type           Power        Failure   Level
a - Corona                Hex            60%          1%          1
b - Ensorcelled Hibernat  Hex/Ice        66%          1%          2
c - Confusing Touch       Hex            54%          1%          3
d - Dazzling Flash        Conj/Hex       66%          1%          3
e - Magic Dart            Conj           44%          6%          1
f - Tukima's Dance        Hex            54%          1%          3
g - Fulminant Prism       Conj/Hex       16%          4%          4
h - Blink                 Tloc           N/A          10%         2
i - Pain                  Necr           100%         1%          1
j - Dispel Undead         Necr           26%          11%         4
k - Ozocubu's Armour      Ice            11%          19%         3

Your spell library contained the following spells:

 Spells                   Type           Power        Failure   Level
 Animate Skeleton         Necr           52%          1%          1
 Slow                     Hex            54%          1%          2
 Sublimation of Blood     Necr           13%          1%          2
 Summon Guardian Golem    Hex/Summ       33%          1%          3
 Corpse Rot               Necr/Air       N/A          3%          2
 Vampiric Draining        Necr           13%          3%          3
 Freeze                   Ice            44%          6%          1
 Summon Small Mammal      Summ           44%          6%          1
 Call Imp                 Summ           11%          10%         2
 Searing Ray              Conj           22%          10%         2
 Animate Dead             Necr           13%          11%         4
 Call Canine Familiar     Summ           11%          19%         3
 Conjure Flame            Conj/Fire      11%          19%         3
 Frozen Ramparts          Ice            22%          19%         3
 Gell's Gravitas          Tloc           5%           19%         3
 Lesser Beckoning         Tloc           5%           19%         3
 Mephitic Cloud           Conj/Pois/Air  11%          19%         3
 Teleport Other           Tloc           11%          19%         3
 Agony                    Necr           26%          28%         5
 Hailstorm                Conj/Ice       11%          52%         4
 Iskenderun's Mystic Bla  Conj/Tloc      11%          52%         4
 Passage of Golubria      Tloc           N/A          52%         4
 Summon Ice Beast         Ice/Summ       11%          52%         4
 Summon Lightning Spire   Summ/Air       11%          52%         4
 Borgnjor's Vile Clutch   Necr/Erth      9%           56%         5
 Death Channel            Necr           13%          85%         6
 Simulacrum               Ice/Necr       9%           98%         6


Dungeon Overview and Level Annotations

Branches:
Dungeon (10/15)            Temple (1/1) D:5            Lair (6/6) D:10
 Shoals (1/4) Lair:2        Snake (1/4) Lair:3        Slime (0/5) Lair:5
    Orc: D:9-12

Altars:
Ashenzari
Cheibriados
Dithmenos
Elyvilon
Fedhas
Gozag
Hepliaklqana
Kikubaaqudgha
Makhleb
Nemelex Xobeh
Okawaru
Qazlal
Ru
Sif Muna
Trog
Uskayaw
Vehumet
Wu Jian
Xom
Yredelemnul
Zin
The Shining One

Annotations:
D:3 2 transporters, brucemayne's ghost, weakling HOMo
D:6 exclusion: statue


Innate Abilities, Weirdness & Mutations

You are very small and have problems with some larger weapons.
You are too small for most types of armour.
You have supernaturally acute eyesight. (SInv)
You cover ground extremely quickly.


Message History

Confirm with . or Enter, or press ? or * to list all spells.
The death yak is dazzled.
Unknown command.
Unknown command.
Casting: Dazzling Flash (safe; 1% risk of failure)
Confirm with . or Enter, or press ? or * to list all spells.
Your hands begin to glow red.
The death yak closely misses you.
You hit the death yak but do no damage. The death yak completely misses you.
You hit the death yak but do no damage. The death yak barely misses you.
You hit the death yak but do no damage.
The death yak appears confused.
The death yak is no longer blind.
The death yak misses you.
Unknown command.
Casting: Confusing Touch (safe; 1% risk of failure)
Confirm with . or Enter, or press ? or * to list all spells.
Your hands begin to glow red.
The death yak gores you!!
* * * LOW HITPOINT WARNING * * *
The death yak gores you!!
You die...
Kikubaaqudgha rasps: "You have failed me!
Welcome... death!"

#................#......#..^.....
......##..P......#.....###.......
.....###....#....###..#.#.....##.
......##..###...###.+#..#....P##.
..........#.P....................
.................................
.............<...................
................Y......>.........
................@Y...............
...............#...######P.......
...#.#..####...#########........#
†.....'.####...###.#...##.....#.#
...##......#...##......##......##
...##..........###......##....##.
....#...........##......#.....##.
)...#..###......#.....###......#.
......#....#....#....#...#......#


You could see 2 death yaks.

Vanquished Creatures
  4 hydras
  An anaconda (Snake:1)
  3 two-headed ogres
  A catoblepas (Lair:2)
  A death yak (Lair:5)
  A mana viper (Lair:3)
  9 elephants
  2 merfolk sirens (Lair:2)
  3 black mambas
  14 cane toads
  3 rime drakes
  7 komodo dragons
  2 merfolk (Lair:2)
  7 polar bears
  14 blink frogs
  5 hornets
  2 slime creatures (D:10)
  8 dream sheep
  11 spriggans
  3 wyverns
  A wraith (D:10)
  20 yaks
  4 basilisks
  3 wargs (D:10)
  4 nagas
  13 water moccasins
  A soldier ant (D:10)
  2 orc warriors
  A sky beast (D:8)
  4 ice beasts
  5 black bears
  7 phantoms
  An eye of draining (D:10)
  4 boggarts (Lair:6)
  4 ogres
  16 wolves
  3 centaurs
  3 big kobolds
  18 bullfrogs
  A gnoll sergeant (D:8)
  4 scorpions
  A water moccasin zombie (D:8)
  A wyvern skeleton (D:10)
  3 killer bees (D:9)
  5 wights (D:8)
  A vampire bat (D:5)
  A howler monkey (D:10)
  A bullfrog zombie (D:5)
  A centaur skeleton (D:10)
  3 jellies
  2 orc priests
  A bullfrog skeleton (D:8)
  6 hounds
  4 iguanas
  17 orc wizards
  7 worker ants
  A worker ant zombie (D:7)
  A howler monkey zombie (D:8)
  Robin (D:4)
  11 adders
  13 gnolls
  2 white imps
  An ufetubus (D:5)
  2 oozes (D:2)
  An adder zombie (D:6)
  8 worms
  4 dart slugs
  7 leopard geckos
  25 orcs
  2 ball pythons
  14 bats
  6 giant cockroaches
  22 goblins
  12 hobgoblins
  23 jackals
  2 quokkas
  5 frilled lizards
  A jackal zombie (D:8)
  21 kobolds
  A quokka skeleton (D:4)
  4 rats
464 creatures vanquished.

Vanquished Creatures (others)
  A water moccasin (Lair:5)
  An ooze (D:5)
  6 fulminant prisms
  42 fungi
  41 plants
91 creatures vanquished.

Grand Total: 555 creatures vanquished

Notes
Turn   | Place    | Note
-------+----------+-------------------------------------------
     0 | D:1      | Groucho the Spriggan Enchanter began the quest for the Orb.
     0 | D:1      | Reached XP level 1. HP: 9/9 MP: 5/5
   521 | D:1      | Reached XP level 2. HP: 13/13 MP: 6/6
   556 | D:1      | Learned a level 2 spell: Ensorcelled Hibernation
   559 | D:1      | Reached skill level 5 in Stealth
  1431 | D:1      | Reached XP level 3. HP: 16/16 MP: 8/8
  1440 | D:1      | Learned a level 3 spell: Confusing Touch
  2078 | D:2      | Reached skill level 6 in Stealth
  2364 | D:2      | Reached XP level 4. HP: 8/21 MP: 1/10
  2875 | D:2      | Found a blossoming altar of Fedhas.
  2987 | D:2      | Found a faded altar of an unknown god.
  4264 | D:2      | Reached skill level 7 in Stealth
  4783 | D:3      | Learned a level 3 spell: Dazzling Flash
  4785 | D:3      | Learned a level 1 spell: Magic Dart
  5485 | D:3      | Reached XP level 5. HP: 13/24 MP: 4/11
  5635 | D:3      | Noticed brucemayne's ghost (weakling HOMo)
  5636 | D:3      | Found a transporter.
  5641 | D:3      | Found a transporter.
  5782 | D:3      | Noticed an ogre
  5788 | D:3      | Killed an ogre
  5820 | D:3      | Reached skill level 8 in Stealth
  5820 | D:3      | Reached skill level 5 in Hexes
  5927 | D:3      | Reached XP level 6. HP: 28/28 MP: 4/13
  6014 | D:3      | Found a stormy altar of Qazlal.
  9588 | D:4      | Reached skill level 9 in Stealth
  9588 | D:4      | Reached skill level 5 in Spellcasting
  9588 | D:4      | Reached XP level 7. HP: 32/32 MP: 9/15
  9935 | D:4      | Found a hide-covered altar of Uskayaw.
 10039 | D:4      | Found a snail-covered altar of Cheibriados.
 11789 | D:4      | Noticed Robin
 11790 | D:4      | Killed Robin
 12029 | D:5      | Entered Level 5 of the Dungeon
 12357 | D:5      | Found a shadowy altar of Dithmenos.
 13118 | D:5      | Reached skill level 5 in Dodging
 13652 | D:5      | Found a white marble altar of Elyvilon.
 13696 | D:5      | Reached XP level 8. HP: 36/36 MP: 17/17
 13776 | D:5      | Found a staircase to the Ecumenical Temple.
 13787 | Temple   | Entered the Ecumenical Temple
 14025 | Temple   | Became a worshipper of Kikubaaqudgha
 14404 | D:5      | Found a glowing golden altar of the Shining One.
 14421 | D:5      | Reached skill level 10 in Stealth
 14445 | D:5      | Noticed an angel
 14455 | D:5      | Found a basalt altar of Yredelemnul.
 14457 | D:5      | Noticed a profane servitor
 15882 | D:6      | Found a radiant altar of Vehumet.
 15893 | D:6      | Reached * piety under Kikubaaqudgha
 15893 | D:6      | Identified Kikubaaqudgha's Grimoire of Sinister Rituals
                  | (Kikubaaqudgha gifted it to you on level 6 of the Dungeon)
 15893 | D:6      | Received a gift from Kikubaaqudgha
 15899 | D:6      | Learned a level 3 spell: Tukima's Dance
 15904 | D:6      | Learned a level 4 spell: Fulminant Prism
 17568 | D:7      | Reached XP level 9. HP: 39/39 MP: 20/20
 17578 | D:7      | Learned a level 2 spell: Blink
 17580 | D:7      | Learned a level 1 spell: Pain
 17787 | D:7      | Found a sacrificial altar of Ru.
 17963 | D:7      | Found a shimmering altar of Xom.
 18630 | D:8      | Reached skill level 11 in Stealth
 18633 | D:8      | Reached skill level 5 in Short Blades
 19190 | D:8      | Found a glowing golden altar of the Shining One.
 19345 | D:8      | Noticed a two-headed ogre
 19347 | D:8      | Killed a two-headed ogre
 19629 | D:8      | Reached ** piety under Kikubaaqudgha
 20086 | D:8      | Reached skill level 12 in Stealth
 20898 | D:8      | Reached XP level 10. HP: 40/44 MP: 18/23
 21700 | D:9      | Found a sparkling altar of Nemelex Xobeh.
 21913 | D:9      | Noticed a two-headed ogre
 21916 | D:9      | Killed a two-headed ogre
 22214 | D:10     | Entered Level 10 of the Dungeon
 22302 | D:10     | Found a staircase to the Lair.
 22850 | D:10     | Reached *** piety under Kikubaaqudgha
 22850 | D:10     | Identified Kikubaaqudgha's Guide on Unholy Rituals
                  | (Kikubaaqudgha gifted it to you on level 10 of the Dungeon)
 22850 | D:10     | Received a gift from Kikubaaqudgha
 22857 | D:10     | Learned a level 4 spell: Dispel Undead
 23266 | D:10     | Reached skill level 10 in Dodging
 23266 | D:10     | Reached skill level 13 in Stealth
 23880 | D:10     | Reached skill level 10 in Hexes
 23880 | D:10     | Reached XP level 11. HP: 47/47 MP: 6/25
 25126 | D:10     | Noticed a two-headed ogre
 25158 | D:10     | Killed a two-headed ogre
 25547 | Lair:1   | Entered Level 1 of the Lair of Beasts
 25557 | Lair:1   | Reached skill level 10 in Spellcasting
 25617 | Lair:1   | Noticed a six-headed hydra
 25635 | Lair:1   | Killed a six-headed hydra
 25636 | Lair:1   | Reached skill level 1 in Evocations
 25701 | Lair:1   | Noticed a six-headed hydra
 25710 | Lair:1   | Killed a six-headed hydra
 26015 | Lair:1   | Reached skill level 14 in Stealth
 26363 | Lair:1   | You fall into a shaft and drop 1 floor!
 27238 | Lair:2   | Noticed a catoblepas
 27245 | Lair:2   | Killed a catoblepas
 27320 | Lair:2   | You fall into a shaft and drop 2 floors!
 28111 | Lair:2   | Found a staircase to the Shoals.
 28177 | Shoals:1 | Entered Level 1 of the Shoals
 28206 | Lair:2   | Reached **** piety under Kikubaaqudgha
 29040 | Lair:3   | Found a staircase to the Snake Pit.
 29142 | Lair:3   | Reached XP level 12. HP: 33/51 MP: 23/27
 29757 | Lair:3   | Reached skill level 5 in Evocations
 30088 | Snake:1  | Entered Level 1 of the Snake Pit
 30141 | Snake:1  | Noticed an anaconda
 30297 | Snake:1  | Killed an anaconda
 30300 | Snake:1  | Reached skill level 15 in Stealth
 30359 | Snake:1  | Noticed an anaconda
 30360 | Snake:1  | Noticed an anaconda
 30997 | Lair:3   | Learned a level 3 spell: Ozocubu's Armour
 33818 | Lair:5   | HP: 2/51 [yak (7)]
 34481 | Lair:5   | Found a staircase to the Slime Pits.
 34693 | Lair:6   | Entered Level 6 of the Lair of Beasts
 34952 | Lair:5   | Reached skill level 1 in Necromancy
 35502 | Lair:5   | Reached XP level 13. HP: 49/55 MP: 22/30
 36843 | Lair:6   | Found the +0 mask of the Dragon {Will+ Slay+3 SInv}
 38382 | Lair:6   | Reached ***** piety under Kikubaaqudgha
 39503 | Lair:6   | Got a slimy dagger
 39504 | Lair:6   | Identified the +2 dagger "Grim Tooth" {holy, rF+ Dex+7}
                  | (You found it on level 6 of the Lair of Beasts)
 39987 | Lair:5   | Reached skill level 10 in Evocations
 40009 | Lair:5   | Mangled by a death yak

Illustrated notes

Levels and vault maps discovered:
D:1:      mrwooster_arrival_arrow, layout_basic
D:2:      minmay_chambers_of_twos, layout_basic, nicolae_overflow_crystal_walls,
          chequers_ecumenical_altar_simple, minivault_5
D:3:      layout_loops_ring, grunt_qazlal_clouds, gammafunk_ghost_mausoleum
D:4:      kennysheep_goblin_castle, layout_cave_pods, kennysheep_little_box,
          lemuel_round_altar
D:5:      layout_loops_ring, grunt_temple_overflow_holy_war, elyvilon_altar_4,
          nicolae_dithmenos_the_darkroom, minmay_temple_entry_statues_fountains,
          roderic_batcave, hangedman_decor_opposing, kennysheep_generic_room_4
D:6:      cheibrodos_thug_alley, layout_basic, vehumet_statue
D:7:      layout_rooms, lemuel_doored_altar, lemuel_round_altar
D:8:      layout_basic, serial_curves, eino_curves_03, eino_curves_01,
          eino_curves_04, tso_altar
D:9:      layout_stronghold, nemelex_altar_shiori
D:10:     layout_loops_ring, erik_lair_orcish_takeover, kennysheep_windowed_goal
Temple:   jpeg_temple_alley_garden
Lair:1:   layout_regular_city
Lair:2:   layout_small_grid, elwin_shoals_entry_stream, lemuel_fruit_fields
Lair:3:   layout_cave_pods, minmay_snake_entry_guardpost_small,
          lemuel_fruit_fields, grunt_megastairs_2
Lair:4:   layout_layer_cave, nicolae_volcano_entry_two_sided,
          serial_bayou_shore_a
Lair:5:   layout_regular_city, dpeg_slime_entry_corner, beast_lair_carwin_4
Lair:6:   minmay_lair_end_enchanted_forest, layout_hall_layers,
          grunt_megastairs_3
Shoals:1: layout_shoals, nicolae_shoals_loop_pool, uniq_frances
Snake:1:  layout_rooms, serial_shops, nicolae_shop_crystal, lemuel_fruit_tree,
          uniq_roxanne

Skill      XL: |  1  2  3  4  5  6  7  8  9 10 11 12 13 |
---------------+----------------------------------------+-----
Stealth        | 5 6 7 8 9 10 12 13 14 15 | 15.0
Spellcasting   | 3 4 5 7 8 9 10 12 13 | 13.1
Hexes          | 4 5 6 7 8 10 11 12 13 | 13.3
Short Blades   | 3 4 6 7 8 |  8.0
Dodging        | 5 6 8 10 12 13 14 | 14.6
Evocations     | 4 8 10 | 10.0
Necromancy     | 1 4 |  4.3

Action                   |  1- 3 |  4- 6 |  7- 9 | 10-12 | 13-15 || total
-------------------------+-------+-------+-------+-------+-------++-------
Melee: Dagger            |   129 |   166 |   326 |   477 |   370 ||  1468
Throw: Stone             |    13 |    32 |     9 |     1 |       ||    55
       Dart              |       |       |       |    18 |       ||    18
       Boomerang         |       |       |       |       |     4 ||     4
 Cast: Ensorcelled Hiber |    12 |    76 |    94 |   132 |    19 ||   333
       Magic Dart        |       |     1 |       |       |       ||     1
       Confusing Touch   |       |       |    33 |    67 |    67 ||   167
       Fulminant Prism   |       |       |     1 |     1 |     4 ||     6
       Pain              |       |       |       |     4 |       ||     4
       Dazzling Flash    |       |       |       |     3 |     5 ||     8
       Ozocubu's Armour  |       |       |       |     1 |       ||     1
Evoke: Wand              |       |       |    48 |     5 |       ||    53
  Use: Scroll            |       |     3 |     7 |     6 |    11 ||    27
       Potion            |       |     2 |     1 |     1 |     4 ||     8
 Stab: Sleeping          |    15 |    38 |    77 |    93 |    16 ||   239
       Distracted        |     1 |       |       |       |       ||     1
       Confused          |       |       |    27 |    65 |    56 ||   148
       Invisible         |       |       |       |     1 |     1 ||     2
Armor: Robe              |     7 |    30 |    21 |    17 |    24 ||    99
Dodge: Dodged            |    96 |   156 |   261 |   477 |   411 ||  1401
